 Dungeon Crawl Stone Soup version 0.30-a0-989-g0d87f670db (webtiles) character file.

Game seed: 4738242236986879499

4678 Dirtsage the Cleaver (level 10, -10/72 HPs)
             Began as a Demonspawn Berserker on Apr 3, 2023.
             Was a High Priest of Trog.
             Mangled by an orc warrior
             ... wielding a +0 glaive
              (11 damage)
             ... on level 8 of the Dungeon.
             The game lasted 00:16:05 (7334 turns).

Dirtsage the Cleaver (Demonspawn Berserker)         Turns: 7334, Time: 00:16:06

Health: -10/72     AC: 12    Str: 22    XL:     10   Next: 21%
Magic:  10/10      EV: 11    Int:  9    God:    Trog [*****.]
Gold:   451        SH:  8    Dex: 12    Spells: 9/9 levels left

rFire   . . .      SeeInvis +    L - +1 war axe (flame)
rCold   . . .      Faith    .    (no shield)
rNeg    . . .      Spirit   .    r - +4 ring mail {rPois}
rPois   +          Reflect  .    (helmet restricted)
rElec   .          Rampage  .    (no cloak)
rCorr   .                        E - +0 pair of gloves
Will    .....                    d - +1 pair of boots
Stlth   +                        (no amulet)
HPRegen 0.32/turn                o - +4 ring of slaying
MPRegen 0.12/turn                S - ring of see invisible

@: on berserk cooldown, slowed, very slow
A: antennae 2, large bone plates 3, foul stench 1, spiny 1
a: Renounce Religion, Berserk, Trog's Hand, Brothers in Arms


You were on level 8 of the Dungeon.
You worshipped Trog.
Trog was extremely pleased with you.
You visited 2 branches of the dungeon, and saw 9 of its levels.
You also visited: Ossuary.

You collected 451 gold pieces.

Inventory:

Hand Weapons
 c - a +0 war axe
 L - a +1 war axe of flaming (weapon)
 M - a +6 heavy battleaxe
Missiles
 a - a throwing net (quivered)
Armour
 d - a +1 pair of boots (worn)
 r - a +4 ring mail of poison resistance (worn)
 y - a +2 scale mail of poison resistance
 C - a +2 ring mail of fire resistance
 E - a +0 pair of gloves (worn)
 G - a +0 kite shield
Jewellery
 o - a +4 ring of slaying (left hand)
 u - a ring of willpower
 F - a ring of flight
 S - a ring of see invisible (right hand)
Wands
 w - a wand of roots (3)
 x - a wand of paralysis (16)
Scrolls
 f - a scroll of magic mapping
 g - 3 scrolls of fear
 h - a scroll of enchant weapon {unknown}
 i - 6 scrolls of identify
 j - 2 scrolls of poison
 m - a scroll of fog
 t - 4 scrolls of teleportation
 v - 3 scrolls of immolation
 B - 2 scrolls of blinking
 D - a scroll of vulnerability {unknown}
 I - a scroll of silence {unknown}
 J - a scroll of amnesia {unknown}
 K - a scroll of butterflies {unknown}
Potions
 b - 2 potions of brilliance {unknown}
 e - 2 potions of flight {unknown}
 k - 2 potions of berserk rage {unknown}
 l - a potion of lignification {unknown}
 n - 3 potions of ambrosia {unknown}
 p - 4 potions of attraction {unknown}
 q - 5 potions of curing
 s - 2 potions of might {unknown}
 z - a potion of magic {unknown}
 A - 4 potions of heal wounds {unknown}
 H - a potion of degeneration {unknown}


   Skills:
 + Level 4.2 Fighting
 + Level 13.0 Axes
 - Level 1.7 Armour
 - Level 1.7 Dodging
 * Level 3.7 Shields


You had 9 spell levels left.
You didn't know any spells.
Your spell library contained the following spells:

 Spells                   Type           Power      Damage    Failure   Level
 Necrotise                Necr           0%         1d4       54%         1
 Slow                     Hex            0%         N/A       54%         1
 Static Discharge         Conj/Air       0%         2-2/arc   69%         2
 Confusing Touch          Hex            0%         N/A       89%         3
 Ozocubu's Armour         Ice            0%         N/A       89%         3
 Portal Projectile        Hex/Tloc       0%         N/A       89%         3
 Tukima's Dance           Hex            0%         N/A       89%         3
 Vampiric Draining        Necr           0%         2d6       89%         3
 Vhi's Electric Charge    Tloc/Air       0%         N/A       89%         3
 Agony                    Necr           0%         N/A       100%        5
 Arcjolt                  Conj/Air       0%         1d10      100%        5
 Blade Hands              Tmut           0%         N/A       100%        5
 Plasma Beam              Fire/Air       0%         2x1d7     100%        5
 Summon Forest            Summ/Tloc      0%         N/A       100%        5
 Summon Mana Viper        Hex/Summ       0%         N/A       100%        5
 Summon Cactus Giant      Summ           0%         N/A       100%        6
 Ozocubu's Refrigeration  Ice            0%         4d7       100%        7


Dungeon Overview and Level Annotations

Branches:
Dungeon (8/15)             Temple (1/1) D:6         Ossuary (visited)
   Lair: D:8-11

Altars:
Ashenzari
Dithmenos
Hepliaklqana
Qazlal
Wu Jian
Xom
Yredelemnul

Shops:
D:4 *   D:6 (   D:8 *


Innate Abilities, Weirdness & Mutations

You have a pair of antennae on your head.
You are completely covered in large bone plates. (SH +8)
You may rarely emit foul miasma when damaged in melee.
You are partially covered in sharp spines.


Message History

The wight is severely damaged.
You block the orc warrior's attack. The wight barely misses you.
The wight is struck by your spines.
You destroy the wight!
Trog accepts your kill.
You are no longer berserk.
You are exhausted.
You feel yourself slow down.
Things that are here:
a +0 long sword; a +0 robe You now have 34/72 hp.
The wight closely misses you. You block the orc warrior's attack.
The wight is struck by your spines. The wight hits you but does no damage.
The orc warrior hits you with a +0 glaive!
The wight hits you but does no damage.
You take 7 damage, and have 27/72 hp.
You hit the wight but do no damage.
The wight is moderately damaged.
You hit the orc warrior. You burn the orc warrior. You hit the wight.
You burn the wight. The wight hits you but does no damage.
The wight closely misses you.
The orc warrior is struck by your spines.
The orc warrior hits you with a +0 glaive.
You take 4 damage, and have 23/72 hp.
You slash the wight! You burn the wight.
You destroy the wight!
Trog accepts your kill.
You hit the wight. You burn the wight. You closely miss the orc warrior.
The orc warrior hits you with a +0 glaive!
* * * LOW HITPOINT WARNING * * *
The wight hits you with a +3 flail of freezing!
* * * LOW HITPOINT WARNING * * *
The wight freezes you.
* * * LOW HITPOINT WARNING * * *
You take 22 damage, and have 1/72 hp.
MASSIVE DAMAGE!!
You hit the wight. You burn the wight.
The wight is almost destroyed.
You slash the orc warrior! You burn the orc warrior.
The orc warrior hits you with a +0 glaive!
You die...

#..##.#..# .
.....###........## #.
.......##.........## ..
.#....##....##....# .. .
...........##....###.
... #..........#........
....#....##.)))...##....
.......o)##.)....###.#..
.......@)).......###.#..
.......)z..)............
......#.##...........##.
.##..##.##.###......##..
#... .....# .......##..
.... .......##..>...##..
#.. ........ .....∩....
..........##. ... ....
.....


You could see an orc warrior and a wight.

Vanquished Creatures
  The ghost of emiel the Insei, a novice DsBe of Trog (D:6)
  Maggie (D:8)
  Grinder (D:3)
  Sigmund (D:4)
  Menkaure (Ossuary)
  An acid dragon (D:8)
  Duvessa (D:4)
  An orc warrior (D:6)
  3 ice beasts
  2 sky beasts
  An ogre (D:5)
  A centaur (D:6)
  4 phantoms (D:4)
  A gnoll sergeant (D:7)
  Blork the orc (D:4)
  4 bullfrogs
  A water moccasin zombie (D:4)
  2 scorpions
  Dowan (D:4)
  3 wights (D:8)
  6 killer bees
  A howler monkey (D:5)
  11 orc priests
  3 hounds
  A jelly (D:6)
  2 sleepcaps
  Ijyb (D:5)
  2 iguanas
  Natasha (thrice) (D:2)
  8 orc wizards
  5 hound zombies (D:4)
  3 mummies (Ossuary)
  4 gnolls (D:7)
  7 adders
  A white imp (D:7)
  4 worms
  3 dart slugs
  34 orcs
  6 endoplasms
  2 giant cockroaches
  3 goblins
  9 hobgoblins
  5 kobolds
  3 quokkas
  2 ball pythons
  6 bats
  2 frilled lizards
  5 gnoll skeletons (Ossuary)
  4 gnoll zombies (Ossuary)
  5 goblin skeletons (Ossuary)
  3 goblin zombies (Ossuary)
  4 hobgoblin skeletons (Ossuary)
  5 hobgoblin zombies (Ossuary)
  3 kobold skeletons (Ossuary)
  5 kobold zombies (Ossuary)
  4 orc skeletons (Ossuary)
  3 orc zombies (Ossuary)
  3 rats
  4 rat skeletons (Ossuary)
  5 rat zombies (Ossuary)
222 creatures vanquished.

Vanquished Creatures (others)
  4 withered plants (D:4)
4 creatures vanquished.

Grand Total: 226 creatures vanquished

Notes
Turn   | Place    | Note
-------+----------+-------------------------------------------
     0 | D:1      | Dirtsage the Demonspawn Berserker began the quest for the
                  | Orb.
     0 | D:1      | Reached XP level 1. HP: 18/18 MP: 1/1
   162 | D:1      | Reached skill level 3 in Axes
   236 | D:1      | Gained mutation: You are partially covered in large bone
                  | plates. (SH +4) [demonic ancestry]
   236 | D:1      | Reached XP level 2. HP: 23/24 MP: 2/2
   870 | D:2      | Noticed Natasha
   874 | D:2      | Noticed a crimson imp
   878 | D:2      | Killed Natasha
   879 | D:2      | Reached skill level 4 in Axes
   879 | D:2      | Gained mutation: You are mostly covered in large bone
                  | plates. (SH +6) [demonic ancestry]
   879 | D:2      | Reached XP level 3. HP: 29/29 MP: 3/3
  1014 | D:2      | Reached ** piety under Trog
  1040 | D:2      | Noticed Natasha
  1046 | D:2      | Killed Natasha
  1047 | D:2      | Reached XP level 4. HP: 35/35 MP: 4/4
  1443 | D:2      | Noticed Natasha
  1454 | D:2      | Killed Natasha
  1455 | D:2      | Reached skill level 5 in Axes
  1566 | D:3      | Found a stormy altar of Qazlal.
  1578 | D:3      | Gained mutation: You may rarely emit foul miasma when
                  | damaged in melee. [demonic ancestry]
  1578 | D:3      | Reached XP level 5. HP: 41/41 MP: 5/5
  1757 | D:3      | Reached skill level 6 in Axes
  1992 | D:3      | Noticed Grinder
  1998 | D:3      | Killed Grinder
  1999 | D:3      | Reached skill level 7 in Axes
  1999 | D:3      | Gained mutation: You are completely covered in large bone
                  | plates. (SH +8) [demonic ancestry]
  1999 | D:3      | Reached XP level 6. HP: 47/47 MP: 6/6
  2084 | D:4      | Noticed Blork the orc
  2092 | D:4      | Killed Blork the orc
  2093 | D:4      | Gained mutation: You have a pair of small antennae on your
                  | head. [demonic ancestry]
  2093 | D:4      | Reached XP level 7. HP: 41/52 MP: 7/7
  2452 | D:4      | Reached skill level 8 in Axes
  2565 | D:4      | Noticed Sigmund
  2579 | D:4      | Killed Sigmund
  2580 | D:4      | Reached skill level 9 in Axes
  2580 | D:4      | Reached XP level 8. HP: 30/58 MP: 8/8
  2849 | D:4      | Found Poad's Practical Paraphernalia.
  2853 | D:4      | Noticed Duvessa
  2853 | D:4      | Noticed Dowan
  2859 | D:4      | Killed Duvessa
  2864 | D:4      | Killed Dowan
  2864 | D:4      | Reached *** piety under Trog
  2896 | D:4      | Reached skill level 10 in Axes
  3404 | D:5      | Entered Level 5 of the Dungeon
  3873 | D:5      | Noticed Ijyb
  3874 | D:5      | Paralysed by Ijyb for 2 turns
  3883 | D:5      | Killed Ijyb
  4726 | D:6      | Reached skill level 11 in Axes
  4810 | D:6      | Found a staircase to the Ecumenical Temple.
  4824 | D:6      | Gained mutation: You have a pair of antennae on your head.
                  | [demonic ancestry]
  4824 | D:6      | Reached XP level 9. HP: 63/63 MP: 9/9
  4834 | Temple   | Entered the Ecumenical Temple
  5153 | D:6      | Paralysed by an orc warrior for 4 turns
  5224 | D:6      | Found a large runed translucent door.
  5224 | D:6      | Found a large runed translucent door.
  5229 | D:6      | Noticed emiel's ghost (novice DsBe)
  5498 | D:6      | Found Loise's Antique Weapon Boutique.
  5660 | D:6      | Killed emiel's ghost
  5661 | D:6      | Reached skill level 12 in Axes
  6107 | D:7      | Reached skill level 1 in Shields
  6112 | D:7      | Reached **** piety under Trog
  6151 | D:7      | Found a sand-covered staircase.
  6156 | Ossuary  | Entered an ossuary
  6457 | Ossuary  | Noticed Menkaure
  6459 | Ossuary  | Reached ***** piety under Trog
  6467 | Ossuary  | Killed Menkaure
  6837 | D:7      | Found a shimmering altar of Xom.
  6837 | D:7      | Found a shadowy altar of Dithmenos.
  6837 | D:7      | Found an ornate altar of the Wu Jian Council.
  6837 | D:7      | Found a broken altar of Ashenzari.
  6851 | D:7      | Found a basalt altar of Yredelemnul.
  6855 | D:7      | Found a hazy altar of Hepliaklqana.
  7229 | D:8      | Gained mutation: You are partially covered in sharp spines.
                  | [demonic ancestry]
  7229 | D:8      | Reached XP level 10. HP: 71/71 MP: 10/10
  7231 | D:8      | Received a gift from Trog
  7233 | D:8      | Noticed Maggie
  7274 | D:8      | Killed Maggie
  7275 | D:8      | Reached skill level 13 in Axes
  7318 | D:8      | Found Qeil's Assorted Antiques.
  7333 | D:8      | HP: 1/72 [wight/+3 flail of freezing (4)]
  7334 | D:8      | Mangled by an orc warrior

Illustrated notes

Levels and vault maps discovered:
D:1:      psy_arrival_dodecagon, layout_basic
D:2:      layout_loops_ring, uniq_natasha
D:3:      layout_basic, nicolae_qazlal_general_emergency, uniq_grinder
D:4:      layout_basic, serial_undead, serial_undead_b, serial_undead_a,
          serial_undead_e, serial_undead_a, nicolae_alphabet_shops,
          uniq_blork_the_orc, uniq_duvessa, uniq_sigmund
D:5:      layout_loops_corners, uniq_ijyb
D:6:      minmay_evil_eye, layout_loops_ring, minmay_temple_entry_stoned_glass,
          serial_shops, kennysheep_mini_moat, ebering_ghost_disaster_area
D:7:      nicolae_cairo_tiling_very_big, layout_basic,
          minmay_overflow_temple_hex, serial_rivers,
          chequers_serial_rivers_large_a, chequers_serial_rivers_small_a,
          chequers_serial_rivers_marsh, chequers_serial_rivers_micro_e,
          chequers_serial_rivers_micro_c, chequers_serial_rivers_micro_e,
          enter_ossuary_5
D:8:      layout_cave_pools, serial_shops, nicolae_shop_advertising_works
          [nicolae_subvault_shop_adworks], shop, kennysheep_dice, uniq_maggie
Temple:   jpeg_temple_clearing

Skill      XL: |  1  2  3  4  5  6  7  8  9 10 |
---------------+-------------------------------+-----
Axes           | 3 4 5 7 9 11 12 13 | 13.0
Shields        | 2 3 |  3.7
Fighting       | 4 |  4.2
Armour         | |  1.7
Dodging        | |  1.7

Action                     |  1- 3 |  4- 6 |  7- 9 | 10-12 || total
---------------------------+-------+-------+-------+-------++-------
  Melee: Hand axe          |   108 |    30 |       |       ||   138
         Punch             |     1 |     1 |     7 |       ||     9
         War axe           |       |    39 |   398 |    19 ||   456
 Invoke: Berserk           |     1 |     3 |    11 |     2 ||    17
         Trog's Hand       |       |       |     1 |     1 ||     2
         Brothers in Arms  |       |       |       |     1 ||     1
    Use: Scroll            |       |       |     7 |       ||     7
         Potion            |       |       |     1 |       ||     1
 Armour: Animal skin       |    13 |       |       |       ||    13
         Chain mail        |    20 |    26 |    42 |       ||    88
         Ring mail         |       |       |    50 |     7 ||    57
  Dodge: Dodged            |    65 |    15 |   112 |    14 ||   206
  Block: Other             |    10 |     9 |    85 |     5 ||   109

Table legend: (Time is in decaauts)
 A = Elapsed time spent in this place.
 B = Non-inter-level travel time spent in this place.
 C = Inter-level travel time spent in this place.
 D = Time resting spent in this place.
 E = Time spent auto-exploring this place.
 F = Levels seen in this place.
 G = Mean time per level.
                   A        B        C        D        E       F      G
               +--------+--------+--------+--------+--------+-----+--------+
         Total |   7501 |   7340 |    161 |   1291 |   4649 |  10 |  750.1 |
       Dungeon |   6947 |   6786 |    161 |   1167 |   4484 |   8 |  868.4 |
        Temple |      1 |      1 |      0 |      0 |      0 |   1 |    1.0 |
       Ossuary |    552 |    552 |      0 |    124 |    165 |   1 |  552.0 |
               +--------+--------+--------+--------+--------+-----+--------+

Top non-repeatable levels by time:
     D:4: 1389 daAuts
     D:5: 1330 daAuts
     D:6: 1022 daAuts
     D:7: 999 daAuts
     D:2: 785 daAuts
     D:1: 760 daAuts
     D:3: 569 daAuts
 Ossuary: 552 daAuts
     D:8: 89 daAuts
  Temple: 1 daAuts
